[Event "Titled Tuesday Blitz June 6 Early 2023"]
[White "Hinds, Nathan"]
[Black "ZeGood_ZeBad_ZeUgly"]
[WhiteFideId "7400730"]
[WhiteElo "2001"]
[BlackElo "2208"]
[Result "1-0"]
[Round "7"]
[TimeControl "180+2"]
[Date "2023.06.06"]
[WhiteClock "0:01:11"]
[BlackClock "0:00:13"]
[Board "153"]

1. b3 d5 2. g3 e5 3. Bg2 Nc6 4. c4 Nf6 5. cxd5 Nxd5 6. Nc3 Be6 7. Bb2 Be7 8. Nf3 O-O 9. O-O Qd7 10. Rc1 Nxc3 11. Bxc3 e4 12. Ne1 Bh3 13. d3 Bxg2 14. Kxg2 Rad8 15. d4 Ba3 16. Rc2 Bb4 17. e3 Rfe8 18. Qd2 a5 19. a3 Bxa3 20. Bxa5 Nxa5 21. Qxa5 Bd6 22. Qh5 g6 23. Qh6 Qb5 24. Rb2 Ba3 25. Rb1 Qe2 26. Kg1 Rd5 27. Ng2 Bf8 28. Qf4 c6 29. Qh4 Be7 30. Qxe4 Qb5 31. Nf4 Rdd8 32. Qd3 Qg5 33. h4 Qg4 34. Qe2 Qd7 35. b4 Bd6 36. Qf3 Bxf4 37. Qxf4 Qd5 38. Rfc1 Rxe3 1-0


[Site "https://www.chess.com"]

[Event "Titled Tuesday Blitz June 6 Early 2023"]
[White "Chuemsakul, Sarocha"]
[Black "Kriti Mayur Patel"]
[WhiteFideId "6203710"]
[BlackFideId "35061780"]
[WhiteElo "1686"]
[BlackElo "1306"]
[Result "1-0"]
[Round "7"]
[TimeControl "180+2"]
[Date "2023.06.06"]
[WhiteClock "0:00:36"]
[BlackClock "0:00:16"]
[Board "154"]

1. d4 d5 2. c4 e6 3. cxd5 exd5 4. Nc3 Nf6 5. Nf3 Be7 6. Bf4 O-O 7. e3 c6 8. Bd3 Nbd7 9. O-O Re8 10. Qc2 Nf8 11. h3 g6 12. Rab1 Ne6 13. Bh2 b5 14. Rfc1 Bb7 15. Ne5 Rc8 16. b4 a5 17. a3 axb4 18. axb4 Bd6 19. Ne2 Qe7 20. Qb3 Nc7 21. Nxc6 Bxh2+ 22. Kxh2 Qd6+ 23. Ne5 Ne4 24. Bxe4 f6 25. Bf3 fxe5 26. dxe5 Qxe5+ 27. Kg1 Ne6 28. Rd1 Red8 29. Nd4 Ng5 30. Be2 Ne4 31. Rbc1 Rxc1 32. Rxc1 Qf6 33. Bf3 Nd2 34. Qc3 Nxf3+ 35. Nxf3 Qf8 36. Qc5 Qe8 37. Qb6 Ba8 38. Nd4 Rb8 39. Qf6 Bb7 40. Rc7 Qf8 41. Qe6+ Kh8 42. Qe5+ Kg8 43. Ne6 Re8 44. Rg7+ Kh8 45. Rxb7+ Kg8 46. Rg7+ Kh8 47. Rf7+ Kg8 48. Rxf8+ Rxf8 49. Qg7# 1-0


[Site "https://www.chess.com"]

[Event "Titled Tuesday Blitz June 6 Early 2023"]
[White "Antonova, Nadezhda"]
[Black "Joshi, Pankaj"]
[WhiteFideId "14700182"]
[BlackFideId "5006210"]
[WhiteElo "1795"]
[BlackElo "2299"]
[Result "1-0"]
[Round "7"]
[TimeControl "180+2"]
[Date "2023.06.06"]
[WhiteClock "0:00:50"]
[BlackClock "0:00:06"]
[Board "155"]

1. Nf3 Nf6 2. b3 g6 3. Bb2 Bg7 4. g3 O-O 5. Bg2 c6 6. O-O d5 7. d3 Bg4 8. Nbd2 a5 9. a3 a4 10. b4 b5 11. Rc1 Nbd7 12. c4 dxc4 13. dxc4 Rc8 14. c5 Nd5 15. Bxg7 Kxg7 16. h3 Bxf3 17. Nxf3 Qc7 18. e4 N5f6 19. Qc2 Ne5 20. Nd4 Rfd8 21. Rfd1 Nc4 22. Qc3 Qe5 23. f4 Qc7 24. e5 Nd5 25. Bxd5 Rxd5 26. Nc2 Rcd8 27. Rxd5 Rxd5 28. Ne3 Nxe3 29. Qxe3 Qd7 30. g4 Rd3 31. e6 Rxe3 32. exd7 Rd3 33. Re1 Rxd7 34. Re3 Kf6 35. Kf2 Rd2+ 36. Kf3 Rb2 37. g5+ Kg7 38. Rxe7 Rb3+ 39. Re3 Rxe3+ 40. Kxe3 h6 41. h4 hxg5 42. fxg5 f6 43. Ke4 fxg5 44. hxg5 Kf7 45. Ke5 Ke7 46. Kd4 Ke6 47. Ke4 Ke7 48. Ke5 1-0


[Site "https://www.chess.com"]

[Event "Titled Tuesday Blitz June 6 Early 2023"]
[White "Vifleemskaia, Svetlana"]
[Black "White, John S."]
[WhiteFideId "4129490"]
[BlackFideId "2502348"]
[WhiteElo "1930"]
[BlackElo "2009"]
[Result "1-0"]
[Round "7"]
[TimeControl "180+2"]
[Date "2023.06.06"]
[WhiteClock "0:00:07"]
[BlackClock "0:00:01"]
[Board "156"]

1. d4 e6 2. c4 d5 3. Nc3 Nf6 4. cxd5 Nxd5 5. e4 Nxc3 6. bxc3 g6 7. Nf3 Bg7 8. h4 h5 9. Bg5 Qd6 10. Qd2 c5 11. e5 Qd5 12. Bd3 c4 13. Bc2 Nc6 14. O-O O-O 15. Rfe1 Qd7 16. Bh6 Ne7 17. Bxg7 Kxg7 18. Qg5 Nd5 19. Rac1 b5 20. a3 Qe7 21. Qd2 Qxa3 22. Be4 Qe7 23. Ng5 Bb7 24. f3 a5 25. Kf2 a4 26. g4 hxg4 27. h5 Rh8 28. Rh1 gxh5 29. fxg4 h4 30. Kg2 a3 31. Rhf1 h3+ 32. Kh2 Raf8 33. Rf3 f6 34. exf6+ Nxf6 35. Bxb7 Qxb7 36. Nxe6+ Kf7 37. Ng5+ Kg7 38. Ne6+ Kf7 39. d5 Ke7 40. Kg3 h2 41. Nc5 Ne4+ 42. Nxe4 h1=Q 43. Rxh1 Rxh1 44. d6+ Ke8 45. d7+ Ke7 46. Rxf8 Rg1+ 47. Kh2 Qxe4 48. Re8+ Kf6 49. Rxe4 1-0


[Site "https://www.chess.com"]

[Event "Titled Tuesday Blitz June 6 Early 2023"]
[White "Womacka, Mathias"]
[Black "Floresvillar Gonzalez, Luis Migu"]
[WhiteFideId "4611390"]
[BlackFideId "5100542"]
[WhiteElo "2377"]
[BlackElo "2040"]
[Result "1-0"]
[Round "7"]
[TimeControl "180+2"]
[Date "2023.06.06"]
[WhiteClock "0:00:11"]
[BlackClock "0:00:01"]
[Board "157"]

1. e4 c6 2. d4 d5 3. Nd2 dxe4 4. Nxe4 Bf5 5. Ng3 Bg6 6. h4 h6 7. Nf3 Nd7 8. h5 Bh7 9. Bd3 Bxd3 10. Qxd3 e6 11. Bd2 Qb6 12. O-O-O Ngf6 13. Rhe1 Bd6 14. Ne4 Nxe4 15. Qxe4 O-O-O 16. c4 Qa6 17. c5 Bc7 18. Kb1 Ba5 19. Qf4 Bxd2 20. Rxd2 Nf6 21. Ne5 Rhf8 22. Rd3 Nxh5 23. Qd2 f6 24. Ra3 Qb5 25. Ng6 Rfe8 26. Rxa7 Kc7 27. Qd1 Rd5 28. g4 Red8 29. gxh5 Rxd4 30. Qc1 Rc4 31. Qe3 Rxc5 32. a3 Rd3 33. Qxe6 Rxa3 34. Qe7+ Kb6 35. Rxb7+ 1-0


[Site "https://www.chess.com"]

[Event "Titled Tuesday Blitz June 6 Early 2023"]
[White "KSho99"]
[Black "Vivas Zamora, Fabian Ernesto"]
[BlackFideId "3902480"]
[WhiteElo "2197"]
[BlackElo "2244"]
[Result "0-1"]
[Round "7"]
[TimeControl "180+2"]
[Date "2023.06.06"]
[WhiteClock "0:01:37"]
[BlackClock "0:01:15"]
[Board "158"]

1. d4 Nf6 2. Nc3 d5 3. Bf4 g6 4. e3 Bg7 5. h4 h5 6. Nf3 O-O 7. Ne5 c5 8. Be2 cxd4 9. exd4 Nc6 10. Qd2 Bf5 11. f3 Rc8 12. g4 hxg4 13. fxg4 Ne4 14. Nxe4 Bxe4 15. Rh3 Nxe5 16. Bxe5 Rxc2 17. Qf4 f6 0-1


[Site "https://www.chess.com"]

[Event "Titled Tuesday Blitz June 6 Early 2023"]
[White "Pavlidou, Ekaterini"]
[Black "Cramling Bellon, Anna"]
[WhiteFideId "4213262"]
[BlackFideId "32009232"]
[WhiteElo "2126"]
[BlackElo "1976"]
[Result "1-0"]
[Round "7"]
[TimeControl "180+2"]
[Date "2023.06.06"]
[WhiteClock "0:00:20"]
[BlackClock "0:00:06"]
[Board "159"]

1. d4 Nf6 2. c4 e6 3. Nc3 d5 4. cxd5 exd5 5. Bg5 Be7 6. e3 c6 7. Bd3 Bg4 8. f3 Bh5 9. Nge2 Bg6 10. Bxg6 hxg6 11. Qd3 Qc7 12. O-O-O b5 13. Kb1 Nbd7 14. Nf4 Qa5 15. Rc1 b4 16. Nce2 b3 17. Qxb3 O-O 18. h4 Rab8 19. Qc2 Ba3 20. Nd3 Rxb2+ 21. Nxb2 Rb8 22. Nc3 Rxb2+ 23. Qxb2 Bxb2 24. Kxb2 Nb6 25. Ka1 Nc4 26. Rc2 Nd7 27. Be7 Ndb6 28. Nd1 Na4 29. g4 Qb5 30. h5 Qb7 31. Bc5 Nxc5 32. dxc5 Qb5 33. hxg6 fxg6 34. Nb2 Nxe3 35. Rc3 d4 36. Rb3 Qe2 37. Nd3 Nc2+ 38. Kb1 Ne3 39. Rb8+ Kf7 40. Rb7+ Kf6 41. g5+ Kxg5 42. Rg1+ Ng2 43. Ne1 Qxe1+ 44. Rxe1 Nxe1 45. Kc1 Nxf3 46. Kd1 d3 47. Rxa7 Kf4 48. Rf7+ Ke3 49. Re7+ Kd4 50. Rf7 Ne5 51. Rxg7 Kxc5 52. Re7 Kd4 53. a4 c5 54. a5 c4 55. Rxe5 Kxe5 56. a6 Kd4 57. a7 c3 58. a8=Q Ke3 59. Qe8+ Kd4 60. Qd7+ Ke3 61. Qe6+ Kd4 62. Qd6+ Ke3 63. Qe5+ Kf3 64. Qxc3 Ke3 65. Qc5+ Ke4 66. Kd2 g5 67. Qc4+ Kf3 68. Qxd3+ Kf2 69. Qf5+ 1-0


[Site "https://www.chess.com"]

[Event "Titled Tuesday Blitz June 6 Early 2023"]
[White "Nikulina, Alena"]
[Black "Yanayt, Eugene"]
[WhiteFideId "4172051"]
[BlackFideId "2020165"]
[WhiteElo "1608"]
[BlackElo "2083"]
[Result "0-1"]
[Round "7"]
[TimeControl "180+2"]
[Date "2023.06.06"]
[WhiteClock "0:00:01"]
[BlackClock "0:00:09"]
[Board "160"]

1. e4 g6 2. d4 Bg7 3. Nc3 c5 4. Nf3 cxd4 5. Nxd4 Nc6 6. Be3 Nf6 7. Bc4 O-O 8. O-O Qa5 9. Bb3 Rd8 10. f3 d6 11. Nd5 e6 12. Nxc6 bxc6 13. Ne7+ Kh8 14. Nxc6 Qc7 15. Nxd8 Qxd8 16. c4 Nh5 17. Qd2 Be5 18. f4 Bg7 19. e5 d5 20. cxd5 exd5 21. Qxd5 Qxd5 22. Bxd5 Rb8 23. b3 Kg8 24. Bxa7 Rb5 25. Bf3 Bf8 26. Rac1 Be6 27. Bxh5 gxh5 28. f5 Bd7 29. e6 fxe6 30. fxe6 Bxe6 31. Rce1 Bd7 32. Rd1 Rb7 33. Be3 Be7 34. Bf4 Kg7 35. Rfe1 Bc5+ 36. Be3 Bb4 37. Rf1 Be7 38. Bd4+ Kg6 39. Rde1 Bg5 40. g3 Bh3 41. Rf2 Rd7 42. Bb2 h4 43. Rfe2 hxg3 44. hxg3 Rd3 45. Kh2 Bg4 46. b4 Rd5 47. a4 h5 48. b5 h4 49. gxh4 Bf4+ 50. Kg2 Rd3 51. Re6+ Kh5 52. Rc6 Rd2+ 53. Kf1 Bh3+ 54. Kg1 Bh2+ 55. Kh1 Bg3 0-1


[Site "https://www.chess.com"]

[Event "Titled Tuesday Blitz June 6 Early 2023"]
[White "Pinales Roussel, Gabriel"]
[Black "Sarkar, Justin"]
[WhiteFideId "3101762"]
[BlackFideId "2010011"]
[WhiteElo "2027"]
[BlackElo "2151"]
[Result "0-1"]
[Round "7"]
[TimeControl "180+2"]
[Date "2023.06.06"]
[WhiteClock "0:02:39"]
[BlackClock "0:02:01"]
[Board "161"]

1. d4 d5 2. c4 dxc4 3. e3 e5 4. Bxc4 exd4 5. exd4 Nf6 6. Nf3 Be7 7. O-O O-O 8. h3 c6 9. Nc3 Nbd7 10. Bg5 Nb6 11. Bd3 Nfd5 12. Rc1 Bxg5 0-1


[Site "https://www.chess.com"]

[Event "Titled Tuesday Blitz June 6 Early 2023"]
[White "Kuzmin, Ilya"]
[Black "Flis, Pawel"]
[WhiteFideId "4153863"]
[BlackFideId "1112864"]
[WhiteElo "2093"]
[BlackElo "1822"]
[Result "1-0"]
[Round "7"]
[TimeControl "180+2"]
[Date "2023.06.06"]
[WhiteClock "0:00:20"]
[BlackClock "0:00:30"]
[Board "163"]

1. d4 c5 2. d5 Nf6 3. c4 b5 4. a4 bxc4 5. Nc3 e6 6. e4 exd5 7. e5 d4 8. exf6 dxc3 9. Qe2+ Be7 10. Qxe7+ Qxe7+ 11. fxe7 Kxe7 12. bxc3 d5 13. Be3 Kd6 14. O-O-O Be6 15. Bxc4 Nc6 16. Ne2 Ke5 17. Bf4+ Kf6 18. Bxd5 Bxd5 19. Rxd5 Na5 20. Kc2 Rac8 21. Rhd1 Rhe8 22. Ng3 g6 23. f3 Nc4 24. Ne4+ Kg7 25. Rd7 Ne5 26. Bxe5+ Rxe5 27. Rxf7+ Kxf7 28. Nd6+ Kf6 29. Nxc8 Re2+ 30. Rd2 Re8 31. Nxa7 Ra8 32. Rd7 h5 33. a5 Ke6 34. Rb7 g5 35. Kb3 Kd5 36. c4+ Kd4 37. Nc6+ Ke3 38. Ra7 Rc8 39. Ne5 Re8 40. Nd7 Kf2 41. Nxc5 Kxg2 42. Rg7 Re5 43. Kb4 Kxf3 44. a6 g4 45. a7 Re8 46. Kb5 h4 47. Kb6 g3 48. hxg3 hxg3 49. Nd3 Re6+ 50. Kb7 Re8 51. a8=Q Rxa8 52. Kxa8 Ke3 53. Nb4 Kf2 54. c5 g2 55. Rxg2+ Kxg2 56. c6 Kf3 57. c7 Ke4 58. c8=Q Ke5 59. Qc6 Kd4 60. Kb7 Ke3 61. Kb6 Kf4 62. Kc5 Kg5 63. Qe6 Kf4 64. Kd4 Kg5 65. Qf7 Kh4 66. Ke4 Kh3 67. Qg7 Kh2 68. Kf3 Kh1 69. Qg2# 1-0


[Site "https://www.chess.com"]

[Event "Titled Tuesday Blitz June 6 Early 2023"]
[White "Lisjak, Zlatko"]
[Black "agvania123"]
[WhiteFideId "14502186"]
[WhiteElo "1998"]
[BlackElo "2232"]
[Result "0-1"]
[Round "7"]
[TimeControl "180+2"]
[Date "2023.06.06"]
[WhiteClock "0:00:02"]
[BlackClock "0:01:12"]
[Board "164"]

1. d4 Nf6 2. Nc3 d5 3. Bf4 e6 4. e3 Bb4 5. f3 c5 6. Ne2 O-O 7. g4 Nc6 8. a3 Ba5 9. dxc5 e5 10. Bg5 d4 11. b4 Nxb4 12. axb4 Bxb4 13. Rb1 Bxc3+ 14. Nxc3 Qa5 15. Bxf6 Qxc3+ 16. Qd2 Qxd2+ 17. Kxd2 gxf6 18. exd4 exd4 19. Bc4 Be6 20. Bxe6 fxe6 21. Rxb7 Rac8 22. Rxa7 Rxc5 23. Re1 e5 24. f4 Rfc8 25. fxe5 fxe5 26. Kd3 Rc3+ 27. Ke4 Rxc2 28. Kf5 Rf8+ 29. Ke6 d3 30. Rxe5 d2 31. Rg5+ Kh8 32. Rd5 d1=Q 33. Rxd1 Re2+ 34. Kd7 Rf7+ 35. Kc6 Rxa7 36. Rd8+ Kg7 37. Rd7+ Rxd7 38. Kxd7 Rxh2 0-1


[Site "https://www.chess.com"]

[Event "Titled Tuesday Blitz June 6 Early 2023"]
[White "Vera Gonzalez-Quevedo, Reynaldo"]
[Black "Blackwhite017"]
[WhiteFideId "3500055"]
[WhiteElo "2461"]
[BlackElo "2086"]
[Result "1-0"]
[Round "7"]
[TimeControl "180+2"]
[Date "2023.06.06"]
[WhiteClock "0:00:46"]
[BlackClock "0:00:09"]
[Board "165"]

1. d4 d5 2. c4 c6 3. Nc3 Nf6 4. Nf3 dxc4 5. a4 Bf5 6. Nh4 Bg6 7. Nxg6 hxg6 8. e4 e6 9. Bxc4 Qc7 10. h3 Nbd7 11. Qf3 Be7 12. Bf4 Qa5 13. O-O Qh5 14. Qg3 Nh7 15. d5 g5 16. dxe6 gxf4 17. exd7+ Kxd7 18. Qxf4 Raf8 19. Rfd1+ Kc8 20. Nb5 cxb5 21. Bxf7 Rxf7 22. Rac1+ Bc5 23. Rxc5+ Qxc5 24. Qxf7 Qc7 25. Qf5+ Kb8 26. axb5 Nf6 27. e5 Nh5 28. g3 Rd8 29. Qxh5 Rxd1+ 30. Qxd1 Qxe5 31. Qd8# 1-0


[Site "https://www.chess.com"]

[Event "Titled Tuesday Blitz June 6 Early 2023"]
[White "Joubert, Dantelle"]
[Black "le-castor-faineant"]
[WhiteFideId "14310813"]
[WhiteElo "1507"]
[BlackElo "2222"]
[Result "0-1"]
[Round "7"]
[TimeControl "180+2"]
[Date "2023.06.06"]
[WhiteClock "0:00:58"]
[BlackClock "0:01:32"]
[Board "166"]

1. e4 e5 2. Nf3 Nf6 3. Nc3 Nc6 4. a3 Be7 5. d4 exd4 6. Nxd4 d6 7. Bc4 O-O 8. O-O Bd7 9. f3 a6 10. Be3 Nxd4 11. Bxd4 Bc6 12. Qd2 b5 13. Ba2 Bb7 14. Rad1 Nd7 15. Nd5 Ne5 16. Nxe7+ Qxe7 17. f4 Nc4 18. Bxc4 bxc4 19. Qc3 Qxe4 20. Rf2 f6 21. Re1 Qd5 22. Rd2 Rae8 23. Red1 Qf7 24. Qb4 Bd5 25. Qa5 c6 26. Qxa6 Ra8 0-1


[Site "https://www.chess.com"]

[Event "Titled Tuesday Blitz June 6 Early 2023"]
[White "Larina, Maria"]
[Black "Sanchez, Robert"]
[WhiteFideId "24113182"]
[BlackFideId "2034360"]
[WhiteElo "1848"]
[BlackElo "1793"]
[Result "0-1"]
[Round "7"]
[TimeControl "180+2"]
[Date "2023.06.06"]
[WhiteClock "0:00:01"]
[BlackClock "0:00:14"]
[Board "167"]

1. e4 d5 2. exd5 Qxd5 3. Nc3 Qe6+ 4. Be2 Qg6 5. Nf3 Qxg2 6. Rg1 Qh3 7. d4 Nf6 8. Bf4 g6 9. Bxc7 Bh6 10. Rg3 Qf5 11. Qd3 O-O 12. Nh4 Qd7 13. Be5 Nc6 14. Bxf6 exf6 15. d5 Ne5 16. Qb5 Qc7 17. Kf1 Bd7 18. Qb4 Rfe8 19. Re1 Rac8 20. f4 Nc4 21. Bxc4 Rxe1+ 22. Kxe1 Qxc4 23. Qxc4 Rxc4 24. f5 Rxh4 25. fxg6 hxg6 26. Rg2 Rg4 27. Re2 Kf8 28. a4 Bxa4 29. b3 Bd7 30. Ne4 Bg7 31. Nd6 Rd4 32. c4 Rd3 33. b4 Rd4 34. Ra2 a6 35. Rc2 Bf5 36. Re2 Kg8 37. Re8+ Kh7 38. Rb8 Bd3 39. Rxb7 Bxc4 40. Nxc4 Rxc4 41. d6 Rd4 42. d7 f5 43. Ra7 Kh6 44. Ke2 Bf6 45. Rb7 Kg5 46. Ke3 Rd1 47. Ke2 Rd6 48. Ke3 f4+ 49. Kf3 Kf5 50. Rc7 g5 51. h3 Ke6 52. Ra7 Rxd7 53. Rxa6+ Rd6 54. Ra8 Kf5 55. b5 Rd3+ 56. Ke2 Rb3 57. Ra5 Be5 58. Kf2 f3 0-1


[Site "https://www.chess.com"]

[Event "Titled Tuesday Blitz June 6 Early 2023"]
[White "Porat, Tori"]
[Black "Winkels, Marcel"]
[WhiteFideId "30982626"]
[BlackFideId "1003887"]
[WhiteElo "1752"]
[BlackElo "1900"]
[Result "1/2-1/2"]
[Round "7"]
[TimeControl "180+2"]
[Date "2023.06.06"]
[WhiteClock "0:00:14"]
[BlackClock "0:00:05"]
[Board "168"]

1. d4 Nf6 2. c4 g6 3. Nc3 d5 4. Nf3 Bg7 5. cxd5 Nxd5 6. e4 Nxc3 7. bxc3 c5 8. g3 Bg4 9. Bg2 Bxf3 10. Bxf3 cxd4 11. O-O d3 12. Bd2 O-O 13. e5 Nc6 14. e6 f5 15. Qb3 Rb8 16. a4 a5 17. Rab1 Qd6 18. Rfe1 Ne5 19. Bg2 h6 20. Qb5 g5 21. Qxa5 Nc4 22. Qb4 Qxb4 23. Rxb4 Nxd2 24. c4 Bd4 25. Bxb7 Ne4 26. Kf1 Nc3 27. Rb2 Nxa4 28. Ra2 Rxb7 29. Rxa4 Rb2 30. Rd1 Rxf2+ 31. Ke1 d2+ 32. Rxd2 Rxd2 33. Kxd2 Rd8 34. Ke2 Bc5 35. Ra5 Bb4 36. Rxf5 Rd2+ 37. Ke3 Rxh2 38. Rb5 Rb2 39. Kd3 Kg7 40. c5 Kf6 41. Rb6 Rd2+ 42. Kc4 Bxc5 43. Kxc5 Rd3 44. Kc4 Rxg3 45. Kd4 Rg4+ 46. Ke3 Rf4 47. Ke2 Rf5 48. Ke3 Re5+ 49. Kf3 Rxe6 50. Rb8 Re5 51. Rf8+ Kg7 52. Re8 e6 53. Re7+ Kf6 54. Rh7 Kg6 55. Rh8 Rf5+ 56. Kg3 Rf7 57. Rg8+ Rg7 58. Re8 Kf6 59. Rf8+ Ke5 60. Rh8 Rg6 61. Rd8 Rf6 62. Rh8 Kf5 63. Re8 e5 64. Kf3 g4+ 65. Kg3 e4 66. Re7 h5 67. Rh7 Kg5 68. Rg7+ Kf5 69. Rh7 Kg6 70. Re7 Rf3+ 71. Kg2 e3 72. Re6+ Kf5 73. Re8 Kg5 74. Rg8+ Kh4 75. Re8 Rg3+ 76. Kh2 Rf3 77. Kg2 Rf2+ 78. Kg1 Rf3 79. Kg2 1/2-1/2


[Site "https://www.chess.com"]

[Event "Titled Tuesday Blitz June 6 Early 2023"]
[White "Sokolov, Andrei"]
[Black "Quirke, Jeffrey"]
[WhiteFideId "11600306"]
[BlackFideId "2013029"]
[WhiteElo "2473"]
[BlackElo "2192"]
[Result "0-1"]
[Round "7"]
[TimeControl "180+2"]
[Date "2023.06.06"]
[WhiteClock "0:01:21"]
[BlackClock "0:00:51"]
[Board "169"]

1. e4 Nf6 2. e5 Nd5 3. c4 Nb6 4. c5 Nd5 5. d4 d6 6. Nc3 c6 7. Nxd5 cxd5 8. Qf3 Be6 9. exd6 exd6 10. cxd6 Bxd6 11. Bb5+ Nc6 12. Bxc6+ bxc6 13. Be3 O-O 14. Ne2 Qa5+ 15. Bd2 Qb6 16. Rb1 Rfe8 17. O-O Qa6 18. Nc3 Rab8 19. Rfe1 g6 20. Bh6 Bf5 21. g4 Bxb1 22. Qf6 Bf8 23. Rxe8 Rxe8 24. Bxf8 Kxf8 25. Qh8+ Ke7 26. Qe5+ Kd7 27. Qf6 Re1+ 28. Kg2 Qf1+ 29. Kg3 Re3+ 30. Kh4 Rh3+ 31. Kg5 h6+ 32. Kf4 Qxf2+ 33. Ke5 Re3+ 34. Ne4 Rxe4# 0-1


[Site "https://www.chess.com"]

[Event "Titled Tuesday Blitz June 6 Early 2023"]
[White "Mishra, Manoj"]
[Black "Maluco_do_Natal_00"]
[WhiteFideId "5006007"]
[WhiteElo "1847"]
[BlackElo "2064"]
[Result "1-0"]
[Round "7"]
[TimeControl "180+2"]
[Date "2023.06.06"]
[WhiteClock "0:00:16"]
[BlackClock "0:00:01"]
[Board "170"]

1. d4 d5 2. c4 c6 3. Nc3 Nf6 4. Bf4 a6 5. c5 Bf5 6. e3 Nbd7 7. Nf3 g6 8. Bd3 Bxd3 9. Qxd3 Bg7 10. Ne5 O-O 11. O-O Nh5 12. Nxd7 Nxf4 13. exf4 Qxd7 14. Rfe1 Rfe8 15. Ne2 a5 16. Ng3 e6 17. h4 Qc7 18. Ne2 h5 19. g3 Reb8 20. a3 b6 21. b4 axb4 22. axb4 bxc5 23. bxc5 Rxa1 24. Rxa1 Qb7 25. Kg2 Qb2 26. Ra7 Rb3 27. Qd1 Ra3 28. Rxa3 Qxa3 29. Qb1 Qa4 30. Qd3 Bf6 31. Qc3 Kg7 32. Qb2 Qc4 33. Kf3 Qxc5 34. dxc5 Bxb2 35. Ke3 f5 36. Kd3 e5 37. fxe5 Bxe5 38. f4 Bb2 39. Kc2 Bf6 40. Kd3 Kf7 41. Ng1 Ke6 42. Nf3 Kd7 43. Nd2 1-0


[Site "https://www.chess.com"]

[Event "Titled Tuesday Blitz June 6 Early 2023"]
[White "Alexanian, Nelli"]
[Black "Lohani, Sujana"]
[WhiteFideId "4170539"]
[BlackFideId "12311987"]
[WhiteElo "2031"]
[BlackElo "1718"]
[Result "1-0"]
[Round "7"]
[TimeControl "180+2"]
[Date "2023.06.06"]
[WhiteClock "0:00:17"]
[BlackClock "0:00:04"]
[Board "171"]

1. d4 g6 2. c4 Bg7 3. Nc3 d6 4. e4 Nf6 5. h4 h5 6. Be3 O-O 7. f3 e5 8. d5 c6 9. Qd2 cxd5 10. Nxd5 Nxd5 11. Qxd5 Qc7 12. Rd1 Rd8 13. c5 Be6 14. cxd6 Qc2 15. Qxb7 Nd7 16. Ne2 Rdb8 17. Qc7 Rxb2 18. Rc1 Qd3 19. Bxa7 Qd2+ 20. Kf2 Rxa2 21. Be3 Qb2 22. Kg3 Qb3 23. Nc3 Rc2 24. Bd3 Rxc1 25. Rxc1 Nf6 26. Bg5 Rc8 27. Qa5 Nd7 28. Ba6 Rc5 29. Qd8+ Kh7 30. Nd5 Rxc1 31. Bxc1 Bxd5 32. exd5 Qxd5 33. Qxd7 e4 34. fxe4 Qxe4 35. Qxf7 Qe1+ 36. Kh2 Qxc1 37. Bd3 1-0


[Site "https://www.chess.com"]

[Event "Titled Tuesday Blitz June 6 Early 2023"]
[White "Martinez Alcantara, Jose Eduardo"]
[Black "Pranesh M"]
[WhiteFideId "3805662"]
[BlackFideId "35028600"]
[WhiteElo "2711"]
[BlackElo "2437"]
[Result "1-0"]
[Round "8"]
[TimeControl "180+2"]
[Date "2023.06.06"]
[WhiteClock "0:00:27"]
[BlackClock "0:00:11"]
[Board "1"]

1. e4 e5 2. Nf3 Nc6 3. Bb5 a6 4. Ba4 Nf6 5. d3 Bc5 6. c3 O-O 7. h3 d6 8. Bg5 h6 9. Bh4 g5 10. Bg3 Nh5 11. Bh2 Qf6 12. Nbd2 Ba7 13. Bb3 Be6 14. Qe2 Nf4 15. Bxf4 gxf4 16. g4 h5 17. O-O-O hxg4 18. hxg4 Kg7 19. g5 Qe7 20. Nh4 Qd7 21. g6 fxg6 22. Rdg1 Ne7 23. Nxg6 Nxg6 24. Qh5 Rf6 25. Nf3 Rg8 26. Bxe6 Qxe6 27. Qh6+ Kf7 28. Ng5+ Ke8 29. Nxe6 Rxe6 30. Qh3 Kf7 31. Qf5+ Rf6 32. Rh7+ Rg7 33. Qd7+ Ne7 34. Rhxg7+ 1-0


[Site "https://www.chess.com"]

[Event "Titled Tuesday Blitz June 6 Early 2023"]
[White "Kevlishvili, Robby"]
[Black "Nihal Sarin"]
[WhiteFideId "1040634"]
[BlackFideId "25092340"]
[WhiteElo "2572"]
[BlackElo "2689"]
[Result "0-1"]
[Round "8"]
[TimeControl "180+2"]
[Date "2023.06.06"]
[WhiteClock "0:00:03"]
[BlackClock "0:00:05"]
[Board "2"]

1. e4 c5 2. Nf3 Nc6 3. Nc3 e6 4. d4 cxd4 5. Nxd4 a6 6. Nxc6 bxc6 7. Bd3 d5 8. O-O Nf6 9. Qe2 Be7 10. Bd2 a5 11. Rae1 O-O 12. e5 Nd7 13. Na4 c5 14. c4 Bb7 15. cxd5 Bxd5 16. Nc3 Bc6 17. Bf4 Nb6 18. Rd1 Qc8 19. Ne4 Nd5 20. Bg3 Rb8 21. b3 a4 22. Qh5 g6 23. Qh6 Rd8 24. Bh4 Bxh4 25. Qxh4 Qc7 26. Qg5 Qe7 27. Nf6+ Nxf6 28. exf6 Qf8 29. Bc4 axb3 30. axb3 Rd4 31. h3 Rbd8 32. Ra1 h6 33. Qe3 Bd5 34. Rfc1 Bxc4 35. Rxc4 Rd1+ 36. Rxd1 Rxd1+ 37. Kh2 Rd5 38. Rh4 Kh7 39. g3 Rf5 40. Rf4 Rxf4 41. Qxf4 Qd8 42. Qe5 Qb6 43. h4 c4 44. bxc4 Qxf2+ 45. Kh3 Qf1+ 46. Kh2 Qxc4 47. Qb2 Qd5 48. Qc3 e5 49. Qa3 Qd2+ 50. Kh3 Qd7+ 51. Kh2 g5 52. Qf8 Kg6 53. Qg7+ Kf5 54. Qxh6 Qd2+ 55. Kh1 Qe1+ 56. Kh2 Qf2+ 57. Kh1 Qxg3 58. h5 Qh3+ 59. Kg1 Qg3+ 60. Kf1 Qf3+ 61. Ke1 e4 62. Qh7+ Kxf6 63. h6 e3 64. Qg7+ Ke6 65. Qb2 Qh1+ 0-1


[Site "https://www.chess.com"]

[Event "Titled Tuesday Blitz June 6 Early 2023"]
[White "Naroditsky, Daniel"]
[Black "Ibarra Jerez, Jose Carlos"]
[WhiteFideId "2026961"]
[BlackFideId "2226332"]
[WhiteElo "2632"]
[BlackElo "2631"]
[Result "0-1"]
[Round "8"]
[TimeControl "180+2"]
[Date "2023.06.06"]
[WhiteClock "0:00:01"]
[BlackClock "0:00:17"]
[Board "3"]

1. d4 Nf6 2. Nc3 d5 3. Bf4 c5 4. e4 Nxe4 5. Nxe4 dxe4 6. dxc5 Qa5+ 7. c3 Qxc5 8. Qa4+ Nc6 9. Qxe4 g6 10. Nf3 Bg7 11. Rd1 Be6 12. Be3 Qa5 13. a3 O-O 14. Be2 Rfd8 15. O-O Bb3 16. Rd2 h6 17. h4 Qf5 18. Qxf5 gxf5 19. Bb5 a6 20. Bxc6 bxc6 21. Re1 Rxd2 22. Nxd2 Bd5 23. Bc5 e5 24. Nf1 f4 25. Nd2 f6 26. Ne4 Rd8 27. Be7 Rb8 28. Nxf6+ Kf7 29. Bd6 Rd8 30. Nxd5 cxd5 31. Bc5 Rc8 32. b4 e4 33. c4 Bc3 34. Re2 Ke6 35. cxd5+ Kxd5 36. f3 e3 37. g3 fxg3 38. Kg2 Bd4 39. Kxg3 Bxc5 40. bxc5 Kd4 41. Re1 Rg8+ 42. Kf4 Rf8+ 43. Kg3 Kd3 44. Rd1+ Ke2 45. Ra1 Rxf3+ 46. Kg4 Rf6 47. Ra2+ Kd3 48. Ra1 e2 49. a4 Kd2 50. Ra2+ Ke3 51. Ra1 Kf2 0-1


[Site "https://www.chess.com"]

[Event "Titled Tuesday Blitz June 6 Early 2023"]
[White "Terry, Renato"]
[Black "Dubov, Daniil"]
[WhiteFideId "3803457"]
[BlackFideId "24126055"]
[WhiteElo "2575"]
[BlackElo "2793"]
[Result "0-1"]
[Round "8"]
[TimeControl "180+2"]
[Date "2023.06.06"]
[WhiteClock "0:00:01"]
[BlackClock "0:00:12"]
[Board "4"]

1. Nf3 Nf6 2. e3 g6 3. b3 Bg7 4. Bb2 O-O 5. Be2 d6 6. d4 Nc6 7. O-O Bf5 8. Nbd2 Ne4 9. Nxe4 Bxe4 10. Nd2 Bf5 11. c4 a5 12. a3 h6 13. h3 h5 14. g4 Bc8 15. Kg2 e5 16. d5 Nb8 17. gxh5 Qg5+ 18. Kh2 Qh4 19. Bg4 f5 20. Bf3 e4 21. Bxg7 Kxg7 22. Bg2 Nd7 23. f4 Nf6 24. Qe1 Qxh5 25. Kg1 Bd7 26. Rc1 b6 27. Nb1 Kh6 28. Nc3 g5 29. Ne2 Rg8 30. fxg5+ Qxg5 31. Nf4 Nh5 32. Rc2 Rg7 33. Kh2 Rag8 34. Nxh5 Qxh5 35. Rf4 Rg3 36. Qd2 Qg5 37. Qf2 Rg6 38. Bf1 Kg7 39. Rd2 Kh7 40. b4 axb4 41. axb4 Qf6 42. Rd4 Qe5 43. Qe1 Kg7 44. Qf2 Rf3 45. Qh4 Rxe3 46. Kh1 Reg3 47. Qd8 Rg1+ 48. Kh2 Qxf4# 0-1


[Site "https://www.chess.com"]